 Dungeon Crawl Stone Soup version 0.27.1-3-gb3d3a73c9e (webtiles) character file.

Game seed: 17880731977953984081

43 styxcanada the Covered (level 3, -5/33 HPs)
             Began as a Minotaur Fighter on Oct 10, 2021.
             Slain by an ogre (15 damage)
             ... on level 2 of the Dungeon.
             The game lasted 00:04:07 (1227 turns).

styxcanada the Covered (Minotaur Fighter)           Turns: 1227, Time: 00:04:07

Health: -5/33      AC: 10    Str: 21    XL:     3   Next: 37%
Magic:  0/2        EV:  7    Int:  5    God:
Gold:   71         SH:  9    Dex:  9    Spells: 2/2 levels left

rFire    . . .     SeeInvis .   l - +0 war axe (vorpal)
rCold    . . .     Faith    .   c - +0 kite shield
rNeg     . . .     Spirit   +   b - +0 scale mail
rPois    .         Reflect  .   (helmet restricted)
rElec    .         Harm     .   (no cloak)
rCorr    .         Rampage  .   (no gloves)
Will     .....                  i - +2 pair of boots {Fly}
Stlth    ..........             e - amulet of guardian spirit
HPRegen  0.11/turn              (no ring)
MPRegen  0.08/turn              (no ring)

@: mighty, flying
A: horns 2, retaliatory headbutt
a: no special abilities


You were on level 2 of the Dungeon.
You visited 1 branch of the dungeon, and saw 2 of its levels.

You collected 71 gold pieces.

Inventory:

Hand Weapons
 a - a +0 war axe
 f - a +0 hunting sling
 l - a +0 vorpal war axe (weapon)
Missiles
 g - 35 stones (quivered)
 m - 17 sling bullets
Armour
 b - a +0 scale mail (worn)
 c - a +0 kite shield (worn)
 i - a +2 pair of boots of flying (worn)
Jewellery
 e - an amulet of guardian spirit (around neck)
Scrolls
 h - a scroll of identify {unknown}
 n - a scroll of immolation {unknown}
Potions
 j - a potion of brilliance {unknown}
 k - 2 potions of heal wounds {unknown}
 o - a potion of invisibility {unknown}


   Skills:
 * Level 4.1 Fighting
 + Level 3.0 Axes
 * Level 4.4 Armour
 + Level 4.0 Shields


You had 2 spell levels left.
You didn't know any spells.
Your spell library was empty.

Dungeon Overview and Level Annotations

Branches:
Dungeon (2/15)

Altars:


Innate Abilities, Weirdness & Mutations

You have a pair of horns on your head.
You reflexively headbutt those who attack you in melee.


Message History

You barely miss Terence. Your headbutt misses Terence.
Terence is heavily wounded.
You block Terence's attack.
You slash Terence!
You kill Terence!
Your Fighting skill increases to level 4!
Your Axes skill increases to level 3!
You have reached level 3!
Your experience leads to an increase in your attributes!
Increase (S)trength, (I)ntelligence, or (D)exterity?
You feel stronger.
Things that are here:
a +0 short sword; a +0 scale mail; the human corpse of Terence You start resting.
HP restored.
Found an inky potion.
A kobold comes into view. It is wielding a +0 whip.
The kobold shouts!
The kobold hits you but does no damage.
You slash the kobold!
You kill the kobold!
You see here a +0 whip.
o - an inky potion A dart slug comes into view.
Found a hand axe.
The dart slug bites you.
You hit the dart slug. You headbutt the dart slug.
You kill the dart slug!
Your Shields skill increases to level 4!
You see here a dart slug corpse.
An ogre comes into view. It is wielding a +0 giant club.
The ogre shouts!
The ogre moves out of view.
The ogre hits you with a +0 giant club!!
Ouch! That really hurt!
You hit the ogre but do no damage. The ogre hits you with a +0 giant club.
* * * LOW HITPOINT WARNING * * *
You see here a dart slug corpse.
You feel very mighty all of a sudden. The ogre hits you with a +0 giant club!
You die...

#.# ##. # #.# .# #.# .# ##
#.# .##.### #.# ##...... #.#
#.....# #.# #....# ###
#######.#######.#.###..#...
##.........@O...........#..<
#.............##.#.#### ..
#..#########..#....# #..#
#..#....... #..#
#..#....####.#### #..#######
#).####.# #.....
#........###..# .# #####
#.....##.....#. ..
#......... .. # ###


You could see an ogre.

Vanquished Creatures
  Terence (D:2)
  A dart slug (D:2)
  An endoplasm (D:1)
  A giant cockroach (D:1)
  A goblin (D:1)
  3 hobgoblins
  A bat (D:1)
  A frilled lizard (D:1)
  3 kobolds
  4 rats (D:1)
17 creatures vanquished.

Notes
Turn   | Place    | Note
-------+----------+-------------------------------------------
     0 | D:1      | styxcanada the Minotaur Fighter began the quest for the
                  | Orb.
     0 | D:1      | Reached XP level 1. HP: 19/19 MP: 0/0
   527 | D:1      | Reached XP level 2. HP: 25/27 MP: 1/1
  1161 | D:2      | Noticed Terence
  1169 | D:2      | Killed Terence
  1170 | D:2      | Reached XP level 3. HP: 31/33 MP: 2/2
  1219 | D:2      | Noticed an ogre
  1227 | D:2      | Slain by an ogre

Illustrated notes

Levels and vault maps discovered:
D:1:      giann_forest_graveyard, layout_basic
D:2:      layout_loops_ring, uniq_terence

Skill      XL: |  1  2  3 |
---------------+----------+-----
Armour         | 4 |  4.4
Fighting       | 4 |  4.1
Axes           | 3 |  3.0
Shields        | 4 |  4.0

Action                   || total
-------------------------++-------
Melee: War axe           ||    36
       Headbutt          ||     5
  Use: Potion            ||     1
Armor: Scale mail        ||    17
Dodge: Dodged            ||    11
Block: Kite shield       ||    10
